 Dungeon Crawl Stone Soup version 0.12.2-14-g7c90c79 (webtiles) character file.

1799 MarVin the Chopper (level 8, 0/60 HPs)
             Began as a Demonspawn Fighter on Aug 5, 2013.
             Slain by a wight
             ... wielding a +1,+0 dwarven battleaxe
              (8 damage)
             ... on Level 5 of the Dungeon.
             The game lasted 00:41:37 (6870 turns).

MarVin the Chopper (Demonspawn Fighter)             Turns: 6870, Time: 00:41:37

HP   0/60        AC 13     Str 18      XL: 8   Next: 56%
MP   7/7         EV  6     Int 10      God:
Gold 262         SH 18     Dex 11 (13) Spells:  0 memorised,  7 levels left

Res.Fire  : . . .   See Invis. : .   y - -1,+0 orc war axe
Res.Cold  : . . .   Warding    : .   x - +0 orc scale mail
Life Prot.: . . .   Conserve   : .   I - +0 elf shield
Res.Poison: .       Res.Corr.  : .   (no helmet)
Res.Elec. : .       Clarity    : .   (no cloak)
Sust.Abil.: . .     Spirit.Shd : .   (no gloves)
Res.Mut.  : .       Stasis     : .   (no boots)
Res.Rott. : .       Ctrl.Telep.: .   (no amulet)
Saprovore : . . .   Flight     : .   (no ring)
                                     (no ring)

@: about to teleport, slightly resistant to hostile enchantments, very
unstealthy
A: nightstalker 1, AC +6
a: no special abilities


You were on level 5 of the Dungeon.
You were very hungry.

You visited 1 branch of the dungeon, and saw 6 of its levels.

You collected 242 gold pieces.

Inventory:

Hand weapons
 a - a +0,+0 hand axe {=f}
 q - a +0,+0 hand axe
 w - a +1,+4 orcish mace
 y - a -1,+0 orcish war axe (weapon)
 M - a +0 blowgun
Missiles
 p - 3 darts of dispersal (quivered)
 N - 3 curare-tipped needles
 O - 8 poisoned needles
Armour
 b - a +0 scale mail
 c - a +0 shield
 x - a +0 orcish scale mail (worn)
 I - a +0 elven shield (worn)
Magical devices
 z - a wand of frost (6)
Comestibles
 d - 4 bread rations
 f - 13 grapes
 m - a choko
 o - an apple
 s - 2 rotting chunks of orc flesh
 Q - 2 meat rations
 U - a pear
Scrolls
 g - 6 scrolls of identify
 h - a scroll of teleportation
 r - a scroll of fear
 v - a scroll of noise {unknown}
 A - a scroll of amnesia {unknown}
 B - a scroll of curse weapon
 D - a scroll of magic mapping {unknown}
 E - a scroll of remove curse
 G - a scroll of fog {unknown}
 H - a scroll of random uselessness {unknown}
 J - a scroll of enchant weapon II
Jewellery
 j - an uncursed ring of protection from cold {unknown}
 C - an uncursed amulet of resist mutation {unknown}
Potions
 e - 4 potions of heal wounds {unknown}
 i - a potion of confusion {unknown}
 l - a potion of agility {unknown}
 n - a potion of degeneration {unknown}
 t - a potion of invisibility {unknown}
 F - a potion of resistance {unknown}
 K - a potion of brilliance {unknown}
 L - a potion of poison {unknown}
 P - 3 potions of speed {unknown}
 T - a potion of berserk rage {unknown}
Magical staves
 u - an uncursed staff of fire {unknown}


   Skills:
 - Level 3.2 Fighting
 - Level 7.1 Axes
 - Level 2.3 Maces & Flails
 + Level 6.9 Armour
 - Level 0.5 Dodging
 - Level 3.2 Shields
 - Level 0.1 Traps


You had 7 spell levels left.
You didn't know any spells.

Dungeon Overview and Level Annotations

Branches:
Dungeon (6/27)
 Temple: D:4-7          Orc: D:6-11

Altars:
Xom


Innate Abilities, Weirdness & Mutations

You are mostly covered in iridescent scales (AC +6).
You are slightly more attuned to the shadows.


Message History

You hit the wight but do no damage.
The wight is lightly damaged.
You hit the wight.
The wight is moderately damaged.
The wight hits you with a falchion.
* * * LOW HITPOINT WARNING * * *
The wight hits you but does no damage.
You are feeling very hungry.
Your shield and scale mail prevent you from hitting the wight.
The wight is moderately damaged.
You hit the wight.
The wight is heavily damaged.
The wight hits you but does no damage.
The wight hits you with a dwarven battleaxe.
* * * LOW HITPOINT WARNING * * *
Read which item? (? for menu, Esc to quit)
As you read the scroll of teleportation, it crumbles to dust.
You feel strangely unstable. The wight closely misses you.
The wight hits you with a dwarven battleaxe!
You die...

#.....#....###..##
##...###...#.....#
###......#####.....#
#...z....###.....###
######...z#....##<...##
#..#......##z..#.....#
#......)###.>..#...###
#......)z##.........#
#....#.z@####.......#
#..###....#.##%..####
#### ##......#.....#
#......#....^##
#####....###....#
#...###..# ##...###
#.....#### #.....#
####....# ##....##
#....).## #.....##


You could see 2 wights.

Vanquished Creatures
  An ice beast (D:5)
  2 ogres (D:5)
  2 sky beasts (D:5)
  A giant frog (D:6)
  A giant frog skeleton (D:5)
  6 wights
  A quasit (D:6)
  3 hounds
  An iguana (D:5)
  5 orc wizards
  3 scorpions
  9 worker ants
  Ijyb (D:3)
  2 jellies
  11 adders
  A worm (D:6)
  A giant mite (D:6)
  4 giant geckos
  20 orcs
  12 bats
  6 giant cockroaches
  9 hobgoblins
  4 jackals (D:5)
  An ooze (D:1)
  A ball python (D:1)
  4 giant newts
  18 goblins
  A hobgoblin skeleton (D:5)
  12 kobolds
  A kobold skeleton (D:4)
  5 quokkas
  A quokka skeleton (D:4)
  14 rats
  A rat skeleton (D:5)
  2 ballistomycetes (D:6)
167 creatures vanquished.

Vanquished Creatures (others)
  A giant spore (D:6)
1 creature vanquished.

Grand Total: 168 creatures vanquished

Notes
Turn   | Place    | Note
--------------------------------------------------------------
     0 | D:1      | MarVin, the Demonspawn Fighter, began the quest for the Orb.
     0 | D:1      | Reached XP level 1. HP: 18/18 MP: 0/0
   242 | D:1      | Reached XP level 2. HP: 21/24 MP: 1/1
   875 | D:2      | Gained mutation: You are partially covered in iridescent scales (AC +4). [demonic ancestry]
   875 | D:2      | Reached XP level 3. HP: 21/30 MP: 2/2
  1349 | D:2      | Gained mutation: You are slightly more attuned to the shadows. [demonic ancestry]
  1349 | D:2      | Reached XP level 4. HP: 32/36 MP: 3/3
  1394 | D:3      | Noticed Ijyb
  1408 | D:3      | Killed Ijyb
  1408 | D:3      | Reached skill level 1 in Maces & Flails
  2241 | D:4      | Reached XP level 5. HP: 36/42 MP: 4/4
  2274 | D:4      | Found a shimmering altar of Xom.
  2372 | D:4      | Reached skill level 4 in Axes
  2516 | D:4      | HP: 2/42 [it/puff of flame (2)]
  2837 | D:4      | Reached XP level 6. HP: 30/48 MP: 5/5
  3245 | D:4      | Reached skill level 5 in Axes
  3639 | D:5      | Entered Level 5 of the Dungeon
  4509 | D:5      | HP: 2/48 [sky beast (5)]
  4511 | D:5      | Reached skill level 6 in Axes
  4511 | D:5      | Reached XP level 7. HP: 7/53 MP: 6/6
  5254 | D:5      | Reached skill level 7 in Axes
  5745 | D:5      | Gained mutation: You are mostly covered in iridescent scales (AC +6). [demonic ancestry]
  5745 | D:5      | Reached XP level 8. HP: 60/60 MP: 7/7
  5978 | D:6      | Reached skill level 5 in Armour
  6259 | D:6      | Paralysed by a giant eyeball for 3 turns
  6870 | D:5      | Slain by a wight

Action                   |  1- 3 |  4- 6 |  7- 9 || total
-------------------------+-------+-------+-------++-------
Melee: Hand axe          |   140 |    11 |     8 ||   159
       War axe           |       |   300 |   288 ||   588
       Mace              |       |    23 |       ||    23
 Fire: Blowgun           |       |       |    12 ||    12
Throw: Dart              |     1 |       |       ||     1
  Use: Scroll            |       |     8 |     2 ||    10
       Potion            |       |     2 |     1 ||     3
